 Dungeon Crawl Stone Soup version 0.27-a0-46-g34d46f0a3f (webtiles) character file.

Game seed: 6762969514360296410

10747 Borgoz the Nimble (level 11, -2/95 HPs)
             Began as a Ghoul Warper on Jan 7, 2021.
             Was a Follower of Ashenzari.
             Slain by an eight-headed hydra (5 damage)
             ... on level 1 of the Lair of Beasts.
             The game lasted 00:18:50 (12810 turns).

Borgoz the Nimble (Ghoul Warper)                   Turns: 12810, Time: 00:18:51

Health: -2/95      AC: 16    Str: 17    XL:     11   Next: 66%
Magic:  0/12       EV:  8    Int:  8    God:    Ashenzari [*.....]
Gold:   700        SH:  3    Dex: 10    Spells: 13/13 levels left

rFire    . . .     SeeInvis .     - Unarmed
rCold    + + .     Faith    .   m - +0 buckler
rNeg     + + +     Spirit   +   n - +0 plate armour
rPois    ∞         Reflect  .   o - +1 helmet
rElec    .         Harm     .   q - scarf {repulsion}
rCorr    .         Rampage  .   (no gloves)
Will     .....                  (no boots)
Stlth    ..........             a - amulet of guardian spirit
HPRegen  0.00/turn              s - ring of protection from cold
MPRegen  0.13/turn              (no ring)

@: repel missiles
A: claws 1, cold resistance 1, negative energy resistance 3, inhibited
regeneration, torment resistance, unbreathing
a: Renounce Religion, Curse Item, Scrying


You were on level 1 of the Lair of Beasts.
You worshipped Ashenzari.
Ashenzari was aware of your devotion.
You visited 3 branches of the dungeon, and saw 11 of its levels.
You also visited: Sewer.

You collected 775 gold pieces.
You spent 75 gold pieces at shops.

Inventory:

Missiles
 d - 6 boomerangs of dispersal
 r - 3 throwing nets (quivered)
 D - 10 boomerangs
Armour
 m - a +0 buckler (worn)
 n - a +0 plate armour (worn)
 o - a +1 helmet (worn)
 q - a scarf of repulsion (worn)
Jewellery
 a - an amulet of guardian spirit (around neck)
 s - a ring of protection from cold (left claw)
 I - a +6 ring of strength
 K - an uncursed ring of protection from cold
Wands
 k - a wand of paralysis (10)
 v - a wand of digging (6)
 y - a wand of acid (7)
 E - a wand of enslavement (7)
 F - a wand of iceblast (11)
Scrolls
 b - 8 scrolls of teleportation
 c - 3 scrolls of blinking
 f - 4 scrolls of enchant armour
 g - 3 scrolls of remove curse
 i - 5 scrolls of fear
 j - 4 scrolls of magic mapping
 p - a scroll of amnesia
 u - 4 scrolls of enchant weapon
 A - a scroll of fog
Potions
 e - a potion of haste
 l - 2 potions of heal wounds
 t - 4 potions of curing
 w - 5 potions of invisibility
 x - 7 potions of flight
 z - 2 potions of magic {unknown}
 B - 2 potions of brilliance
 C - a potion of cancellation {unknown}
 H - a potion of resistance {unknown}


   Skills:
 + Level 8.4 Fighting
 - Level 0.8 Throwing
 * Level 9.6 Armour
 * Level 9.9 Dodging
 + Level 8.4 Unarmed Combat
 - Level 1.7 Spellcasting
 - Level 2.6 Translocations


You had 13 spell levels left.
You didn't know any spells.
Your spell library contained the following spells:

 Spells                   Type           Power        Failure   Level
 Summon Small Mammal      Summ           0%           100%        1
 Blink                    Tloc           N/A          100%        2
 Call Imp                 Summ           0%           100%        2
 Call Canine Familiar     Summ           0%           100%        3
 Gell's Gravitas          Tloc           2%           100%        3
 Lesser Beckoning         Tloc           2%           100%        3
 Summon Guardian Golem    Hex/Summ       0%           100%        3
 Teleport Other           Tloc           5%           100%        3
 Passage of Golubria      Tloc           N/A          100%        4
 Summon Ice Beast         Ice/Summ       0%           100%        4
 Summon Lightning Spire   Summ/Air       0%           100%        4


Dungeon Overview and Level Annotations

Branches:
Dungeon (9/15)             Temple (1/1) D:6            Lair (1/6) D:9
    Orc (0/2) D:9           Sewer (visited)

Altars:
Ashenzari
Cheibriados
Dithmenos
Elyvilon
Fedhas
Gozag
Hepliaklqana
Kikubaaqudgha
Makhleb
Nemelex Xobeh
Okawaru
Qazlal
Ru
Sif Muna
Trog
Uskayaw
Vehumet
Wu Jian
Xom
Yredelemnul
Zin
The Shining One

Shops:
D:5 ?

Annotations:
D:9 1 runed translucent door, Erolcha; Megustar's ghost, novice DEFE


Innate Abilities, Weirdness & Mutations

You thrive by killing the living.
You are immune to poison.
You have sharp fingernails.
Your flesh is cold resistant. (rC+)
You are immune to negative energy. (rN+++)
You do not regenerate when monsters are visible.
You are immune to unholy pain and torment.
You can survive without breathing.


Message History

The eight-headed hydra completely misses you.
The eight-headed hydra bites you but does no damage.
The eight-headed hydra bites you.
* * * LOW HITPOINT WARNING * * *
The eight-headed hydra bites you but does no damage.
The eight-headed hydra bites you!
* * * LOW HITPOINT WARNING * * *
Okay, then.
Throw: 4 throwing nets
Press: ? - help, Q - select action, (/) - cycle Shift-Dir - straight line, f/p - eight-headed hydra
Aim: an eight-headed hydra (moderately wounded)
You throw a throwing net.
The throwing net barely misses the eight-headed hydra.
The blink frog blinks!
The eight-headed hydra bites you but does no damage.
The eight-headed hydra bites you!
* * * LOW HITPOINT WARNING * * *
The eight-headed hydra closely misses you. x2
The eight-headed hydra bites you.
You die...

#.##....####
#.#.###.##..
##.#.###.....
#....##..##.#
#..#....[#.##
#............ #
####.##.#.P.###.
#.##.###.##.##.........
#(...D@§§.#.###..##.##.
##$##F###F..###.?.###
## #P.#.#.##.##
##.#.......#
#.#..#.#.P##
#...........
###..#....#.
#...###..#. ##... #..#
.


You could see an eight-headed hydra and a blink frog.

Vanquished Creatures
  Harold (D:9)
  A two-headed ogre (D:8)
  Pikel (D:5)
  A komodo dragon (Lair:1)
  A hornet (D:7)
  5 blink frogs (Lair:1)
  Sigmund (D:4)
  A wyvern (Lair:1)
  Eustachio (D:5)
  11 yaks
  The ghost of skk the Slasher, an amateur TeGl (D:3)
  Purgy (Sewer)
  6 water moccasins
  3 orc warriors
  3 ice beasts
  2 sky beasts
  A black bear (D:9)
  3 ogres
  4 phantoms
  A necrophage (D:8)
  6 centaurs
  A lemure (D:4)
  Blork the orc (D:5)
  3 big kobolds
  5 bullfrogs
  A wyvern skeleton (D:7)
  4 scorpions
  8 killer bees
  A howler monkey (D:7)
  A centaur zombie (D:6)
  5 hounds
  2 jellies
  5 orc priests
  Ijyb (D:5)
  A bullfrog skeleton (D:4)
  5 iguanas
  10 orc wizards
  5 worker ants
  A hound zombie (D:6)
  2 hound skeletons
  Robin (D:4)
  A worker ant zombie (D:5)
  3 gnolls (D:3)
  21 adders
  3 shadow imps
  A white imp (D:9)
  An ooze (D:1)
  An adder zombie (D:5)
  2 adder skeletons
  5 worms
  3 dart slugs
  4 leopard geckos
  32 orcs
  5 giant cockroaches
  19 goblins
  12 hobgoblins
  19 jackals
  9 quokkas
  2 ball pythons
  11 bats
  7 frilled lizards
  25 kobolds
  2 leopard gecko skeletons
  A quokka skeleton (D:7)
  A quokka zombie (D:6)
  4 rats
312 creatures vanquished.

Vanquished Creatures (others)
  A fungus (Lair:1)
1 creature vanquished.

Grand Total: 313 creatures vanquished

Notes
Turn   | Place    | Note
-------+----------+-------------------------------------------
     0 | D:1      | Borgoz the Ghoul Warper began the quest for the Orb.
     0 | D:1      | Reached XP level 1. HP: 17/17 MP: 2/2
    16 | D:1      | Reached skill level 1 in Armour
   319 | D:1      | Reached XP level 2. HP: 23/25 MP: 3/3
   765 | D:1      | Reached XP level 3. HP: 30/30 MP: 4/4
  1614 | D:2      | Reached XP level 4. HP: 35/37 MP: 5/5
  1930 | D:2      | Reached XP level 5. HP: 35/45 MP: 6/6
  2852 | D:3      | Found a runed translucent door.
  3147 | D:3      | Found a white marble altar of Elyvilon.
  3147 | D:3      | Found a broken altar of Ashenzari.
  3192 | D:3      | Became a worshipper of Ashenzari the Shackled
  3274 | D:3      | Found an opulent altar of Gozag.
  3337 | D:3      | Noticed skk's ghost (amateur TeGl)
  3511 | D:3      | Reached XP level 6. HP: 51/51 MP: 7/7
  3529 | D:3      | Found a glowing silver altar of Zin.
  4178 | D:3      | Killed skk's ghost
  4442 | D:4      | Identified the amulet of Xom's Condemnation {Faith rElec
                  | rN++ Str-5}
  4595 | D:4      | Reached XP level 7. HP: 58/58 MP: 6/8
  4780 | D:4      | Found a blossoming altar of Fedhas.
  5164 | D:4      | Noticed Robin
  5194 | D:4      | Killed Robin
  5482 | D:4      | Noticed Sigmund
  5496 | D:4      | Killed Sigmund
  5497 | D:4      | Reached skill level 5 in Dodging
  5497 | D:4      | Reached XP level 8. HP: 57/67 MP: 7/9
  5713 | D:5      | Entered Level 5 of the Dungeon
  5764 | D:5      | Found Simul's Magic Scroll Emporium.
  5920 | D:5      | Bought a scroll of blinking for 75 gold pieces
  5985 | D:5      | Noticed Eustachio
  6025 | D:5      | Killed Eustachio
  6026 | D:5      | Reached skill level 5 in Armour
  6036 | D:5      | Reached skill level 5 in Fighting
  6297 | D:5      | Noticed Blork the orc
  6314 | D:5      | Killed Blork the orc
  6315 | D:5      | Reached skill level 5 in Unarmed Combat
  6351 | D:5      | Found a burning altar of Makhleb.
  6356 | D:5      | Noticed Ijyb
  6393 | D:5      | Killed Ijyb
  6595 | D:5      | Noticed Pikel
  6759 | D:5      | Killed Pikel
  6760 | D:5      | Reached XP level 9. HP: 70/75 MP: 8/10
  6928 | D:6      | Found a staircase to the Ecumenical Temple.
  6989 | D:6      | Found a glowing drain.
  7014 | D:6      | Got the uncursed ring mail "Nogalu" {rC- Str+5}
  7124 | Sewer    | Entered a sewer
  7253 | Sewer    | Noticed Purgy
  7303 | Sewer    | Killed Purgy
  8511 | D:6      | Got the uncursed leather armour of the Solstice {rPois}
  8522 | D:6      | Identified the +1 ring mail "Nogalu" {rC- Str+5} (You found
                  | it on level 6 of the Dungeon)
  8532 | D:6      | Identified the +1 leather armour of the Solstice {rPois}
                  | (You found it on level 6 of the Dungeon)
  8552 | Temple   | Entered the Ecumenical Temple
  8830 | D:7      | Reached XP level 10. HP: 76/84 MP: 8/11
  9278 | D:7      | Reached * piety under Ashenzari
  9834 | D:8      | Noticed a two-headed ogre
  9844 | D:8      | Killed a two-headed ogre
 10556 | D:9      | Noticed Harold
 10586 | D:9      | Killed Harold
 10587 | D:9      | Reached XP level 11. HP: 35/93 MP: 6/12
 11093 | D:9      | Found a hazy altar of Hepliaklqana.
 11178 | D:9      | Found a runed translucent door.
 11183 | D:9      | Noticed Megustar's ghost (novice DEFE)
 11211 | D:9      | Found a staircase to the Orcish Mines.
 11401 | D:9      | Found a staircase to the Lair.
 11484 | D:9      | Noticed Erolcha
 11487 | D:9      | Paralysed by Erolcha for 6 turns
 11764 | Lair:1   | Entered Level 1 of the Lair of Beasts
 12794 | Lair:1   | Noticed an eight-headed hydra
 12810 | Lair:1   | HP: 3/95 [eight-headed hydra (11)]
 12810 | Lair:1   | Slain by an eight-headed hydra

Illustrated notes

Levels and vault maps discovered:
D:1:      elethiomel_arrival_infinity_welcomes_careful_drivers,
          layout_loops_ring, hangedman_decor_clover_reticule, feat_on_display
D:2:      minmay_recursive_quarters, layout_loops_ring, serial_co_window_serial,
          co_window_paths_a, co_window_corner_a, co_window_corner_a,
          co_window_corner_a, co_window_of_opportunity_a, co_window_corner_a,
          co_window_paths_a, co_window_of_opportunity_a, co_window_corner_a,
          co_window_corner_cb, co_window_broadway_b, co_window_broadway_c,
          co_window_paths_e, glass_columns_a, glass_columns_c, glass_columns_a,
          minmay_pentomino_t2
D:3:      layout_basic, general_overflow_altar,
          chequers_temple_overflow_statue_of_worship, ebering_ghost_sewer_d,
          lemuel_tele_altar
D:4:      layout_loops_ring, overflow_temple_1_default, uniq_sigmund, uniq_robin
D:5:      layout_rooms, basic_altar, serial_shops, shop, uniq_ijyb,
          uniq_eustachio, uniq_blork_the_orc, uniq_pikel
D:6:      layout_loops_ring, minmay_temple_entry_arrows,
          cheibrodos_sewer_entry_sluice, st_stairs_2, minmay_bent
D:7:      layout_cave_pools
D:8:      layout_rooms
D:9:      layout_irregular_city, lair_entry_dummy, orc_0_dummy,
          gammafunk_ghost_grave, basic_altar, uniq_erolcha, uniq_harold
Temple:   eino_narrow_crystal_temple
Lair:1:   layout_loops_ring, st_stairs_6

Skill      XL: |  1  2  3  4  5  6  7  8  9 10 11 |
---------------+----------------------------------+-----
Armour         | 1 2 3 4 6 7 8 9 |  9.6
Dodging        | 2 3 4 5 6 7 9 |  9.9
Fighting       | 3 4 5 6 7 8 |  8.4
Unarmed Combat | 3 4 5 6 7 8 |  8.4
Throwing       | |  0.8
Spellcasting   | |  1.7
Translocations | |  2.6

Action                   |  1- 3 |  4- 6 |  7- 9 | 10-12 || total
-------------------------+-------+-------+-------+-------++-------
Melee: Unarmed           |   124 |   339 |   709 |   746 ||  1918
       Punch             |     1 |     4 |     1 |       ||     6
Throw: Throwing net      |       |       |     2 |     2 ||     4
Evoke: Wand              |       |       |       |     1 ||     1
  Use: Scroll            |     1 |     9 |     3 |     5 ||    18
       Potion            |       |     3 |     3 |     5 ||    11
 Stab: Invisible         |       |     1 |       |       ||     1
       Paralysed         |       |       |       |     6 ||     6
Armor: Leather armour    |    33 |       |       |       ||    33
       Plate armour      |    10 |   284 |   616 |   500 ||  1410
Dodge: Dodged            |    85 |    95 |   265 |   314 ||   759
       Repelled          |       |       |     2 |       ||     2
Block: Buckler           |       |       |    58 |    98 ||   156

Table legend: (Time is in decaauts)
 A = Elapsed time spent in this place.
 B = Non-inter-level travel time spent in this place.
 C = Inter-level travel time spent in this place.
 D = Time resting spent in this place.
 E = Time spent auto-exploring this place.
 F = Levels seen in this place.
 G = Mean time per level.
                   A        B        C        D        E       F      G
               +--------+--------+--------+--------+--------+-----+--------+
         Total |  12693 |  12407 |    286 |   2834 |   6496 |  12 | 1057.8 |
       Dungeon |  10998 |  10726 |    272 |   2272 |   5803 |   9 | 1222.0 |
        Temple |    217 |    203 |     14 |      0 |    200 |   1 |  217.0 |
          Lair |   1024 |   1024 |      0 |    479 |    305 |   1 | 1024.0 |
         Sewer |    452 |    452 |      0 |     83 |    187 |   1 |  452.0 |
               +--------+--------+--------+--------+--------+-----+--------+

Top non-repeatable levels by time:
     D:3: 1607 daAuts
     D:2: 1490 daAuts
     D:4: 1384 daAuts
     D:1: 1324 daAuts
     D:9: 1264 daAuts
     D:6: 1217 daAuts
     D:5: 1055 daAuts
  Lair:1: 1024 daAuts
     D:8: 884 daAuts
     D:7: 770 daAuts
   Sewer: 452 daAuts
  Temple: 217 daAuts
